 Dungeon Crawl Stone Soup version 0.19.1-1-g22dce08 (webtiles) character file.

18 loralnil the Chiller (level 2, 0/17 HPs)
             Began as an Octopode Ice Elementalist on Jan 2, 2017.
             Slain by a kobold
             ... wielding a +0 whip of electrocution
              (5 damage)
             ... on level 1 of the Dungeon.
             The game lasted 00:01:08 (726 turns).

loralnil the Chiller (Octopode Ice Elementalist)     Turns: 726, Time: 00:01:08

Health: 0/17       AC:  1    Str:  7    XL:     2   Next: 66%
Magic:  0/5        EV: 13    Int: 17    God:
Gold:   43         SH:  0    Dex: 12    Spells: 1 memorised, 4 levels left

rFire  . . .     SeeInvis .     d - +0 dagger
rCold  . . .     Gourm    .     (no shield)
rNeg   . . .     Faith    .     (helmet restricted)
rPois  .         Spirit   +     e - amulet of guardian spirit
rElec  .         Reflect  .     (no ring)
rCorr  .         Harm     .     (no ring)
MR     .....                    (no ring)
Stlth  +++.......               (no ring)
                                (no ring)
                                (no ring)
                                (no ring)
                                (no ring)

@: very slightly contaminated
A: almost no armour, stealthy swim, amphibious, 8 rings, constrict 8, camouflage
1, gelatinous body 1
a: no special abilities


You were on level 1 of the Dungeon.
You were not hungry.

You visited 1 branch of the dungeon, and saw 1 of its levels.

You collected 43 gold pieces.

Inventory:

Hand Weapons
 d - a +0 dagger (weapon)
Jewellery
 e - an amulet of guardian spirit (around mantle)
Scrolls
 f - 2 scrolls of teleportation {unknown}
 g - a scroll of fog {unknown}
 h - a scroll of amnesia {unknown}
Books
 a - a book of Frost

   Spells                             Type                      Level
   a - Freeze                         Ice                          1
   b - Throw Frost                    Conjuration/Ice              2
   c - Ozocubu's Armour               Charms/Ice                   3
   d - Throw Icicle                   Conjuration/Ice              4
   e - Summon Ice Beast               Ice/Summoning                4
Comestibles
 b - a bread ration
 c - a beef jerky


   Skills:
 + Level 2.2 Dodging
 + Level 2.9 Stealth
 + Level 2.3 Spellcasting
   Level 1.0 Conjurations
 + Level 3.3 Ice Magic


You had 4 spell levels left.
You knew the following spells:

 Your Spells              Type           Power        Failure   Level  Hunger
a - Freeze                Ice            ##..         6%          1    #......


Dungeon Overview and Level Annotations

Branches:
Dungeon (1/15)

Altars:


Innate Abilities, Weirdness & Mutations

You cannot wear most types of armour.
You are very stealthy in the water. (Stealth+)
You are amphibious.
You can wear up to eight rings at the same time.
You can use your tentacles to constrict eight enemies at once.
Your skin changes colour to match your surroundings (Stealth+).
Your rubbery body absorbs attacks. (AC +1, EV +1)


Message History

You freeze the giant cockroach.
You kill the giant cockroach!
The kobold hits you with a whip of electrocution.
The rat closely misses you.
Casting: Freeze
Confirm with . or Enter, or press ? or * to list all spells.
You don't have enough magic to cast that spell.
Unknown command.
You barely miss the rat. Your grab misses the rat.
The kobold hits you with a whip of electrocution.
The rat barely misses you.
A rat comes into view.
You closely miss the rat. Your grab misses the rat.
The kobold hits you but does no damage. The rat closely misses you.
You closely miss the rat. You grab the rat. You constrict the rat.
The kobold closely misses you. The rat bites you.
* * * LOW HITPOINT WARNING * * *
You release your grip on the rat.
The kobold hits you with a whip of electrocution.
You die...

+.........#
#.........
#.......†.#
#.........
#.........#
#######...
#.........# #..#
#...).....# #..#
##.r####### #..+
##g# #..#
###.#######.#
#..#
#...K@.......
#...
#####+#..####...#
#...
#...........# #
#...
#...........#
#...
#...........#
#.##
#...........# ...
#.....†.....#
...#
#...........#
....
#...........# ...


You could see a kobold.

Vanquished Creatures
  3 leopard geckos (D:1)
  A giant cockroach (D:1)
  A goblin (D:1)
  2 jackals (D:1)
  A ball python (D:1)
  A bat (D:1)
  2 frilled lizards (D:1)
  3 kobolds (D:1)
  2 rats (D:1)
16 creatures vanquished.

Notes
Turn   | Place    | Note
-------+----------+-------------------------------------------
     0 | D:1      | loralnil the Octopode Ice Elementalist began the quest for the Orb.
     0 | D:1      | Reached XP level 1. HP: 11/11 MP: 3/3
   278 | D:1      | Reached XP level 2. HP: 5/17 MP: 0/5
   726 | D:1      | Slain by a kobold

Action                   || total
-------------------------++-------
Melee: Dagger            ||    12
       Constrict         ||     4
       Unarmed           ||     3
       Tentacles         ||     1
 Cast: Freeze            ||    13
 Stab: Sleeping          ||     5
Dodge: Dodged            ||    24
